 Dungeon Crawl Stone Soup version 0.13-a0-2926-g9203b68 (webtiles) character file.

295 PolkaDot the Ruinous (level 5, -6/33 HPs)
             Began as a Vampire Wizard on Sept 3, 2013.
             Mangled by a gnoll
             ... wielding a +0,+0 club
              (7 damage)
             ... on Level 4 of the Dungeon.
             The game lasted 00:10:17 (2704 turns).

PolkaDot the Ruinous (Vampire Wizard)               Turns: 2704, Time: 00:10:18

HP  -6/33        AC  2     Str  6      XL: 5   Next: 13%
MP   9/13        EV  6     Int 21      God:
Gold 141         SH  0     Dex 12      Spells:  2 memorised,  6 levels left

Res.Fire  : + . .   See Invis. : +   x - +2 elf dagger (venom)
Res.Cold  : x . .   Warding    : .   a - +0 robe
Life Prot.: . . .   Conserve   : .   (no shield)
Res.Poison: .       Res.Corr.  : .   b - +0 wizard hat
Res.Elec. : .       Clarity    : .   (no cloak)
Sust.Abil.: . .     Spirit.Shd : .   (no gloves)
Res.Mut.  : .       Stasis     : .   (no boots)
Res.Rott. : .       Flight     : .   (no amulet)
Saprovore : . . .                    (no ring)
                                     j - ring of fire

@: regenerating quickly, held, glowing, slightly resistant to hostile
enchantments, unstealthy
A: fangs 3, see invisible, unbreathing
a: no special abilities


You were on level 4 of the Dungeon.
You were full.

You visited 1 branch of the dungeon, and saw 4 of its levels.

You collected 121 gold pieces.

Inventory:

Hand weapons
 x - a +2,+2 elven dagger of venom (weapon)
Armour
 a - a +0 robe (worn)
 b - a +0 wizard hat (worn)
Magical devices
 n - a wand of polymorph (1)
Scrolls
 d - 5 scrolls of remove curse {unknown}
 f - 2 scrolls of enchant weapon I {unknown}
 g - 4 scrolls of identify {unknown}
 k - 2 scrolls of random uselessness {unknown}
 l - 2 scrolls of enchant weapon II {unknown}
 o - a scroll of noise {unknown}
 p - a scroll of curse armour {unknown}
 q - a scroll of magic mapping {unknown}
 r - 2 scrolls of teleportation {unknown}
 t - a scroll of blinking {unknown}
 u - a scroll of amnesia {unknown}
Jewellery
 j - a ring of fire (left hand)
Potions
 e - a potion of degeneration {unknown}
 h - 2 potions of speed {unknown}
 i - a potion of agility {unknown}
 m - a potion of might {unknown}
 s - a potion of invisibility {unknown}
 v - a potion of heal wounds {unknown}
 w - a potion of flight {unknown}
Books
 c - a book of Minor Magic

   Spells                             Type                      Level
   *Magic Dart                        Conjuration                  1
   Blink                              Translocation                2
   Call Imp                           Summoning                    2
   Repel Missiles                     Charms/Air                   2
   Slow                               Hexes                        2
   *Conjure Flame                     Conjuration/Fire             3
   Mephitic Cloud                     Conjuration/Poison/Air       3


   Skills:
 - Level 2.1 Dodging
 - Level 3.0 Stealth
 - Level 3.0 Spellcasting
 * Level 3.5 Conjurations
   Level 1.0 Summonings
   Level 0.7 Translocations
 + Level 1.0 Fire Magic


You had 6 spell levels left.
You knew the following spells:

 Your Spells              Type           Power        Failure   Level  Hunger
a - Magic Dart            Conj           ###.         3%          1    None
s - Conjure Flame         Conj/Fire      ###.....     17%         3    ###....


Dungeon Overview and Level Annotations

Branches:
Dungeon (4/27)
 Temple: D:4-7

Altars:
Ashenzari


Innate Abilities, Weirdness & Mutations

Your natural rate of healing is unusually fast.
You have razor-sharp teeth.*
You have supernaturally acute eyesight.
You can survive without breathing.*


Message History

* * * LOW HITPOINT WARNING * * *
You turn to flesh and can move again.
The gnoll shaman calls upon its god to speed up the gnoll.
The gnoll seems to speed up.
Drink which item? (? for menu, Esc to quit)
Okay, then.
The gnoll hits you with a club.
* * * LOW HITPOINT WARNING * * *
The gnoll misses you.
The gnoll shaman calls upon its god to speed up the gnoll.
The gnoll seems to speed up.
The gnoll hits you with a club.
* * * LOW HITPOINT WARNING * * *
The gnoll throws a throwing net.
The throwing net hits you!
You become entangled in the net!
* * * LOW HITPOINT WARNING * * *
You see here a throwing net.
You try to slip out of the net.
The gnoll hits you with a club.
* * * LOW HITPOINT WARNING * * *
You struggle against the net.
The gnoll hits you with a club!
You die...

.........# #..........
...[.....##
##...g......
##........###..........
##...................
#..................
##...................
#.......gg...........
........g............
........@.......###.
...............##
.......<.<......#
........<...>...#
...........(.....#
.................
#...............
##.............
#....).......


You could see a gnoll shaman and 2 gnolls.

Vanquished Creatures
  Jessica (D:3)
  3 adders (D:2)
  2 gnolls (D:4)
  A giant mite (D:1)
  An inept feature mimic (D:2)
  A worm (D:2)
  2 giant geckos
  An ooze (D:1)
  5 orcs (D:3)
  5 bats
  A giant cockroach (D:2)
  10 hobgoblins
  3 jackals (D:1)
  3 giant newts
  7 goblins
  7 kobolds
  8 rats
61 creatures vanquished.

Notes
Turn   | Place    | Note
--------------------------------------------------------------
     0 | D:1      | PolkaDot, the Vampire Wizard, began the quest for the Orb.
     0 | D:1      | Reached XP level 1. HP: 11/11 MP: 6/6
   117 | D:1      | Reached skill level 1 in Conjurations
   337 | D:1      | Reached XP level 2. HP: 13/17 MP: 0/8
   885 | D:1      | Reached XP level 3. HP: 22/22 MP: 5/10
  1433 | D:2      | Learned a level 3 spell: Conjure Flame
  1440 | D:2      | Reached XP level 4. HP: 28/28 MP: 0/12
  1970 | D:3      | Found a shattered altar of Ashenzari.
  2459 | D:3      | Noticed Jessica
  2481 | D:3      | Killed Jessica
  2588 | D:4      | Reached XP level 5. HP: 33/33 MP: 9/13
  2600 | D:4      | Reached skill level 1 in Fire Magic
  2703 | D:4      | HP: 1/33 [gnoll/club (2)]
  2704 | D:4      | Mangled by a gnoll

Action                   |  1- 3 |  4- 6 || total
-------------------------+-------+-------++-------
Melee: Unarmed           |     1 |    11 ||    12
       Dagger            |    17 |       ||    17
 Cast: Magic Dart        |    81 |    76 ||   157
       Conjure Flame     |     1 |     1 ||     2
  Use: Potion            |     1 |       ||     1
